 Dungeon Crawl Stone Soup version 0.31-a0-596-g831eee08f1 (webtiles) character file.

Game seed: 9650100990529397791

44 sircluck the Ruffian (level 3, -2/36 HPs)
             Began as a Troll Berserker on Aug 20, 2023.
             Was a Believer of Trog.
             Splashed by a jelly's acid (8 damage)
             ... on level 4 of the Dungeon.
             The game lasted 00:01:54 (1053 turns).

sircluck the Ruffian (Troll Berserker)              Turns: 1053, Time: 00:01:55

Health: -2/36      AC: -12   Str: 27    XL:     3   Next: 39%
Magic:  2/2        EV: 10    Int:  3    God:    Trog [**....]
Gold:   68         SH:  0    Dex:  9    Spells: 2/2 levels left

rFire   . .          .
                       - Unarmed
rCold   . . .        (no shield)
rNeg    . . .        a - +0 animal skin
rPois   .            (helmet restricted)
rElec   .            (no cloak)
rCorr   .            (gloves unavailable)
SInv    .            (boots unavailable)
Will    .....        (no amulet)
Stlth   +            (no ring)
HPRegen 1.06/turn    (no ring)
MPRegen 0.08/turn

%: no passive effects
@: corroded
A: large, unfitting armour, claws 3, regeneration 1, shaggy fur 1, tough skin 1
a: Renounce Religion, Berserk, Trog's Hand


You were on level 4 of the Dungeon.
You worshipped Trog.
Trog was pleased with you.
You visited 1 branch of the dungeon, and saw 3 of its levels.

You collected 68 gold pieces.

Inventory:

Missiles
 i - 45 stones
 m - 6 javelins
Armour
 a - a +0 animal skin (worn)
Jewellery
 e - a ring of magical power
Scrolls
 c - a scroll of enchant weapon {unknown}
 g - a scroll of immolation {unknown}
 h - a scroll of teleportation {unknown}
 j - a scroll of fog {unknown}
 k - a scroll of identify {unknown}
 n - a scroll of revelation {unknown}
 o - a scroll of amnesia {unknown}
Potions
 b - a potion of attraction {unknown}
 d - a potion of enlightenment {unknown}
 f - a potion of resistance {unknown}
 l - a potion of heal wounds {unknown}


   Skills:
 + Level 2.9 Fighting
 + Level 2.9 Dodging
 + Level 3.5 Unarmed Combat


You had 2 spell levels left.
You didn't know any spells.
Your spell library was empty.

Dungeon Overview and Level Annotations

Branches:
Dungeon (2/15)

Altars:


Innate Abilities, Weirdness & Mutations

You are too large for most types of armour.
You have claws for hands.
Your natural rate of healing is unusually fast.
You are covered in fur. (AC +1)
You have tough skin. (AC +1)


Message History

The goblin hits you but does no damage.
You claw the orc!
You kill the orc!
Trog accepts your kill. The goblin hits you but does no damage.
The goblin hits you with a +0 dagger.
Things that are here:
a +0 dagger; a +0 ring mail; an orc corpse You claw the goblin!
You kill the goblin!
Trog accepts your kill. The orc hits you with a +0 hand axe.
Items here: )) [ ††.
The orc barely misses you.
You claw the orc!
You kill the orc!
Trog accepts your kill.
Things that are here:
a +0 hand axe; a +0 club
Things that are here:
a +0 trident; a +0 ring mail A jelly comes into view.
Found a scroll labelled TEHUITZ ADGHODGH.
The jelly completely misses you.
You scratch the jelly. The acid corrodes you!
Your claws burn!
The jelly is moderately wounded.
The jelly hits you. The acid corrodes you!
You are splashed with acid.
You scratch the jelly but do no damage.
Your claws burn!
The jelly is moderately wounded.
The jelly hits you. The acid corrodes you!
You are splashed with acid!
You claw the jelly! The acid corrodes you!
Your claws burn!
The jelly is almost dead.
The jelly hits you.
You are splashed with acid.
You scratch the jelly but do no damage. The acid corrodes you!
Your claws burn!
* * * LOW HITPOINT WARNING * * *
The jelly is almost dead.
The jelly hits you.
* * * LOW HITPOINT WARNING * * *
You are splashed with acid!
You die...

# # ..# ..#. #.#
. )...###.# ##
.. .......[# ..
... ........##.#
...............#
......#####.####
.....?###...#
.......J@.#)#
.......####)###
.....(. #.).#
#.....# ###.#
##.... #.# #....
#.# ...## #.#
### #.# #.#


You could see a jelly.

Vanquished Creatures
  A worm (D:2)
  A dart slug (D:1)
  4 orcs (D:4)
  A ball python (D:1)
  4 endoplasms (D:1)
  A giant cockroach (D:1)
  6 goblins
  2 hobgoblins (D:1)
  2 quokkas (D:1)
  3 bats
  4 frilled lizards
  3 kobolds (D:1)
  A rat (D:1)
33 creatures vanquished.

Notes
Turn   | Place    | Note
-------+----------+-------------------------------------------
     0 | D:1      | sircluck the Troll Berserker began the quest for the Orb.
     0 | D:1      | Reached XP level 1. HP: 22/22 MP: 0/0
   224 | D:1      | Reached XP level 2. HP: 25/29 MP: 1/1
   807 | D:2      | Reached XP level 3. HP: 36/36 MP: 2/2
   979 | D:2      | Reached ** piety under Trog
  1004 | D:2      | You fall into a shaft and drop 2 floors!
  1053 | D:4      | Splashed by a jelly's acid

Illustrated notes

Levels and vault maps discovered:
D:1:      roderic_octagonal_star, layout_basic, kennysheep_pointless_box
D:2:      layout_basic, grunt_ministairs_1
D:4:      layout_rooms, kennysheep_generic_room_3

Action                     || total
---------------------------++-------
  Melee: Unarmed           ||    72
         Punch             ||     1
 Armour: Animal skin       ||    32
  Dodge: Dodged            ||    42

Table legend: (Time is in decaauts)
 A = Elapsed time spent in this place.
 B = Non-inter-level travel time spent in this place.
 C = Inter-level travel time spent in this place.
 D = Time resting spent in this place.
 E = Time spent auto-exploring this place.
 F = Levels seen in this place.
 G = Mean time per level.
                   A        B        C        D        E       F      G
               +--------+--------+--------+--------+--------+-----+--------+
         Total |   1048 |   1033 |     15 |      0 |    813 |   3 |  349.3 |
       Dungeon |   1048 |   1033 |     15 |      0 |    813 |   3 |  349.3 |
               +--------+--------+--------+--------+--------+-----+--------+

Top non-repeatable levels by time:
     D:1: 792 daAuts
     D:2: 208 daAuts
     D:4: 47 daAuts
